 Dungeon Crawl Stone Soup version 0.17.0-28-g6e173f8 (webtiles) character file.

55908 inmateoo the Severer (level 14, -10/111 HPs)
             Began as a Deep Dwarf Fighter on Nov 22, 2015.
             Was a High Priest of the Shining One.
             Killed from afar by a hellephant (54 damage)
             ... with a blast of flame
             ... in the Vestibule of Hell.
             The game lasted 00:35:47 (13857 turns).

inmateoo the Severer (Deep Dwarf Fighter)          Turns: 13857, Time: 00:35:47

Health: -10/111    AC: 26    Str: 28    XL:     14   Next: 40%
Magic:  4/13       EV: 12    Int: 16    God:    the Shining One [*****.]
Gold:   727        SH: 11    Dex: 15    Spells: 0 memorised, 13 levels left

rFire  . . .     SeeInvis .     L - +6 broad axe
rCold  . . .     Clarity  .     N - +3 chain mail
rNeg   + + +     SustAt   +     c - +0 shield
rPois  +         Gourm    .     n - +0 helmet
rElec  +         Spirit   .     A - +0 cloak
rCorr  .         Warding  +     K - +2 pair of gloves of Ampaack {rN+ Dex-4 Slay+2}
rMut   .         Stasis   .     J - +0 pair of boots
MR     +++..                    w - amulet "Lasuifrack" {Ward rN+ Int+5 Stlth+}
Stlth  +.........               H - ring of poison resistance
                                y - ring of sustain attributes

@: mighty, agile, lethally poisoned (-10 -> -10), very slightly contaminated,
non-regenerating, glowing, extremely resistant to hostile enchantments, very
unstealthy
A: damage resistance, recharge devices, thin skeletal structure 1, yellow scales
1, magic resistance 1, negative energy resistance 1, sense surroundings 2,
electricity resistance, slow regeneration 3
a: Device Recharging, Divine Shield, Cleansing Flame, Summon Divine Warrior,
Renounce Religion


You were in the Vestibule of Hell.
You worshipped the Shining One.
The Shining One was extremely pleased with you.
You were not hungry.

You visited 4 branches of the dungeon, and saw 18 of its levels.
You also visited: Ossuary and Bailey.

You collected 2131 gold pieces.
You spent 1404 gold pieces at shops.

Inventory:

Hand Weapons
 L - a +6 broad axe (weapon)
Armour
 c - a +0 shield (worn)
 n - a +0 helmet (worn)
 A - a +0 cloak (worn)
 J - a +0 pair of boots (worn)
 K - the +2 pair of gloves of Ampaack (worn) {rN+ Dex-4 Slay+2}
   (You bought it in a shop on level 6 of the Dungeon)

   It affects your dexterity (-4).
   It affects your accuracy and damage with ranged weapons and melee attacks
   (+2).
   It protects you from negative energy.
 N - a +3 chain mail (worn)
Jewellery
 m - an uncursed ring of teleportation
 w - the amulet "Lasuifrack" (around neck) {Ward rN+ Int+5 Stlth+}
   (You found it on level 11 of the Dungeon)

   [amulet of warding]

   It may prevent the melee attacks of summoned creatures.
   It affects your intelligence (+5).
   It protects you from negative energy.
   It makes you more stealthy.
 y - a ring of sustain attributes (left hand)
 H - a ring of poison resistance (right hand)
Wands
 a - a wand of disintegration (4)
 d - a wand of frost (30)
 e - a wand of heal wounds (3)
 C - a wand of flame (10)
 F - a wand of teleportation (0)
Scrolls
 j - 6 scrolls of teleportation
 q - 2 scrolls of amnesia
 s - 5 scrolls of remove curse
 z - a scroll of enchant armour
 E - 4 scrolls of fog
Potions
 h - 10 potions of curing
 k - 2 potions of brilliance
 p - a potion of magic
 u - 2 potions of flight
 v - a potion of cure mutation
 x - a potion of cancellation
 G - a potion of agility
Books
 l - a book of Battle

   Spells                             Type                      Level
   a - Infusion                       Charms                       1
   b - Shroud of Golubria             Charms/Translocation         2
   c - Song of Slaying                Charms                       2
   d - Spectral Weapon                Hexes/Charms                 3
   e - Regeneration                   Charms/Necromancy            3
 r - a book of Summonings

   Spells                             Type                      Level
   a - Recall                         Summoning/Translocation      3
   b - Aura of Abjuration             Summoning                    5
   c - Shadow Creatures               Summoning                    5
   d - Summon Demon                   Summoning                    5
   e - Summon Forest                  Summoning/Translocation      5
   f - Summon Mana Viper              Hexes/Summoning              5
Miscellaneous
 I - a phial of floods
Comestibles
 f - 11 bread rations
 o - 2 meat rations
 t - 18 fruits
 B - 2 beef jerkies


   Skills:
 - Level 3.3 Fighting
 * Level 17.6 Axes
 + Level 13.2 Armour
 - Level 4.5 Shields
 + Level 10.7 Invocations
 + Level 14.7 Evocations


You had 13 spell levels left.
You didn't know any spells.

Dungeon Overview and Level Annotations

Branches:
Dungeon (15/15)            Temple (1/1) D:5            Lair (0/8) D:9
    Orc (0/4) D:10         Vaults (0/5) D:14         Depths (1/5) D:15
   Hell (1/1)
    Dis: Hell:1         Geh: Hell:1         Coc: Hell:1         Tar: Hell:1

Altars:
Ashenzari
Cheibriados
Dithmenos
Elyvilon
Fedhas
Gozag
Kikubaaqudgha
Makhleb
Nemelex Xobeh
Okawaru
Qazlal
Ru
Sif Muna
Trog
Vehumet
Xom
Yredelemnul
Zin
The Shining One

Shops:
D:5 !   D:6 (=[*   D:11 :

Portals:
Hell: Depths:1

Annotations:
Hell Geryon


Innate Abilities, Weirdness & Mutations

You are resistant to damage.
You can recharge devices by infusing magical energy.
You resist negative energy.
You passively map the area around you.
You do not regenerate naturally.
You have a somewhat thin skeletal structure (Dex +2, Stealth).
You are partially covered in yellow scales (AC +2).
You are resistant to hostile enchantments.
You are resistant to electric shocks.


Message History

Unknown command.
You barely miss the fire elemental. You slice the hell beast!!
You kill the hell beast!
You block the fire elemental's attack.
Unknown command.
Unknown command.
Unknown command.
You slash the rust devil!
The rust devil is moderately wounded.
You slash the hell beast!
The hell beast is severely wounded.
You hit the fire elemental.
The fire elemental is lightly damaged.
You slash the sun demon!
The sun demon is lightly wounded.
You block the fire elemental's attack.
Geryon winds a great silver horn.
The hellephant breathes flames at you.
The blast of flame hits the rust devil.
The rust devil completely resists.
The blast of flame hits you!
You die...

..... *#...# ,
##45.## ##....Y## ,
##..4....## *
##.........# * ,,
##..#..43.#..# * ≈
**##..#∩22@.§§# ,
** , ,
#...3.§.#E...4.. *
,≈, ,
.........&.§§§§§..
, ,
........#...#.....
, ,
..................,
*
.##.......#.......
≈ ,
##..#.......#..# *
, , ≈,,
##..#.....#..## **
, ≈ * ##.........#


You could see Geryon, a hellephant, 2 hell beasts, an ice devil, a sun demon, 3
rust devils, a fire elemental, a red devil and an iron imp.

Vanquished Creatures
  A lich (Depths:1)
  Maud (D:13)
  A balrug (Depths:1)
  4 vault guards (D:14)
  2 ettins
  Josephine (D:12)
  A hydra (D:14)
  The ghost of AAAAA the Tainter, a journeyman DrWz of Vehumet (Bailey)
  A catoblepas (D:14)
  3 centaur warriors
  The ghost of 4thArraOfDagon the Cleaver, a novice MiBe of Trog (D:13)
  2 tengu warriors
  A shock serpent (Bailey)
  A shock serpent (shapeshifter) (D:14)
  A hell knight (D:15)
  A deep elf knight (D:15)
  A deep troll (shapeshifter) (D:13)
  A flayed ghost (Depths:1)
  3 unseen horrors
  16 ugly things
  A wolf spider (D:14)
  2 orc knights
  10 hill giants
  An orc sorcerer (D:14)
  A manticore (D:12)
  4 cyclopes
  A fire drake (D:9)
  A tengu conjurer (D:13)
  5 efreet
  A yaktaur (Depths:1)
  A two-headed ogre (D:11)
  A red devil (Depths:1)
  5 trolls
  7 slime creatures
  5 wraiths (D:12)
  2 deep elf magi
  13 yaks
  The ghost of inmateoo the Chopper, an amateur DDFi of Makhleb (D:4)
  A fire elemental (Depths:1)
  A vampire (D:15)
  Eustachio (D:5)
  A wyvern (D:10)
  2 hungry ghosts
  A deep elf fighter (D:14)
  3 hippogriffs
  4 vampire mosquitoes (D:13)
  Duvessa (D:6)
  3 black bears
  A water moccasin (D:10)
  4 sky beasts
  2 phantoms
  8 orc warriors
  A wasp (D:10)
  2 necrophages
  3 eyes of draining
  5 ogres
  12 centaurs
  5 boggarts
  13 giant frogs
  A big kobold (D:9)
  A water moccasin zombie (Ossuary)
  Dowan (D:6)
  3 wyvern skeletons
  4 scorpions
  6 killer bees
  2 spriggan skeletons (D:10)
  4 wights (D:6)
  7 giant frog zombies
  2 bog bodies (Ossuary)
  8 crimson imps
  4 centaur zombies
  8 centaur skeletons
  2 giant frog skeletons (D:6)
  3 hounds
  4 jellies
  8 orc priests
  Ijyb (D:3)
  Terence (D:2)
  9 orc wizards
  Natasha (thrice) (D:2)
  9 iguanas
  2 killer bee zombies
  13 worker ants
  2 sheep (D:11)
  6 hound zombies
  11 mummies
  4 worker ant zombies (Ossuary)
  19 adders
  16 gnolls
  5 shadow imps
  An ooze (D:4)
  2 adder skeletons
  9 adder zombies
  7 worms
  9 giant geckos
  42 orcs
  10 bats
  2 giant cockroaches (D:1)
  11 goblins
  9 hobgoblins
  13 jackals
  3 quokkas
  A ball python (D:1)
  A ball python zombie (Ossuary)
  3 giant newts
  A hobgoblin zombie (D:6)
  29 kobolds
  A kobold zombie (D:6)
  2 quokka zombies (Ossuary)
  8 rats
513 creatures vanquished.

Vanquished Creatures (collateral kills)
  A hydra (D:15)
  A catoblepas (D:13)
  An unseen horror (D:14)
  2 centaur zombies
5 creatures vanquished.

Vanquished Creatures (others)
  A water elemental (D:14)
  An orc warrior (Bailey)
  A jelly (D:14)
  2 eldritch tentacle segments (Depths:1)
5 creatures vanquished.

Grand Total: 523 creatures vanquished

Notes
Turn   | Place    | Note
--------------------------------------------------------------
     0 | D:1      | inmateoo the Deep Dwarf Fighter began the quest for the Orb.
     0 | D:1      | Reached XP level 1. HP: 20/20 MP: 1/1
   308 | D:1      | Reached XP level 2. HP: 24/27 MP: 2/2
   559 | D:1      | Reached skill level 1 in Evocations
   757 | D:2      | Reached XP level 3. HP: 23/33 MP: 3/3
   984 | D:2      | Noticed Terence
   985 | D:2      | Noticed Natasha
  1005 | D:2      | Killed Terence
  1005 | D:2      | Reached skill level 4 in Armour
  1005 | D:2      | Reached XP level 4. HP: 37/40 MP: 5/5
  1016 | D:2      | Killed Natasha
  1080 | D:2      | Reached XP level 5. HP: 33/48 MP: 6/6
  1242 | D:2      | Noticed Natasha
  1247 | D:2      | Killed Natasha
  1416 | D:2      | Noticed Natasha
  1597 | D:2      | Killed Natasha
  2536 | D:3      | Noticed Sigmund
  2542 | D:3      | Noticed Sigmund
  2542 | D:3      | Sigmund changed into Sigmund the killer bee
  2555 | D:3      | Killed Sigmund the killer bee
  2555 | D:3      | Reached XP level 6. HP: 11/56 MP: 7/7
  2749 | D:3      | Noticed Ijyb
  2762 | D:3      | Killed Ijyb
  2951 | D:4      | Found a snail-covered altar of Cheibriados.
  3097 | D:4      | Noticed inmateoo's ghost (amateur DDFi)
  3105 | D:4      | Reached skill level 5 in Axes
  3105 | D:4      | Reached skill level 5 in Armour
  3113 | D:4      | Killed inmateoo's ghost
  3113 | D:4      | Reached XP level 7. HP: 44/62 MP: 9/9
  3407 | D:4      | Reached skill level 6 in Axes
  3450 | D:4      | Got an encrusted whip
  3727 | D:5      | Entered Level 5 of the Dungeon
  3727 | D:5      | Found Doloix's Distillery.
  3774 | D:5      | Bought a potion of agility for 60 gold pieces
  3774 | D:5      | Bought a potion of curing for 45 gold pieces
  3774 | D:5      | Bought a potion of curing for 45 gold pieces
  3908 | D:5      | Reached XP level 8. HP: 45/69 MP: 11/11
  3978 | D:5      | Noticed Eustachio
  4002 | D:5      | Killed Eustachio
  4002 | D:5      | Reached skill level 7 in Axes
  4002 | D:5      | Reached skill level 5 in Evocations
  4120 | D:5      | Found a staircase to the Ecumenical Temple.
  4132 | Temple   | Entered the Ecumenical Temple
  4778 | D:6      | Noticed Duvessa
  4778 | D:6      | Noticed Dowan
  4796 | D:6      | Killed Duvessa
  4838 | D:6      | Killed Dowan
  4838 | D:6      | Reached skill level 8 in Axes
  4846 | D:6      | Found Kaukeutz's Antique Weapon Emporium.
  4870 | D:6      | Found Soadakhe's Jewellery Emporium.
  4883 | D:6      | Found a sand-covered staircase.
  4911 | Ossuary  | Entered an ossuary
  4992 | Ossuary  | Identified the cursed +0 whip of Bile {slash, +Rage} (You found it on level 4 of the Dungeon)
  5060 | Ossuary  | Reached skill level 9 in Axes
  5209 | Ossuary  | Gained mutation: You passively map the area around you. [Deep Dwarf growth]
  5209 | Ossuary  | Reached XP level 9. HP: 38/76 MP: 14/14
  5453 | D:6      | Found Beochyum's General Store.
  5529 | D:6      | Found Gotapraje's Armour Shop.
  5829 | D:7      | Reached skill level 10 in Axes
  6143 | D:6      | Bought a broad axe for 80 gold pieces
  6826 | Temple   | Became a worshipper of the Shining One
  6915 | D:8      | Reached skill level 11 in Axes
  7041 | D:8      | Reached XP level 10. HP: 40/84 MP: 15/15
  7732 | D:9      | Found a staircase to the Lair.
  7920 | D:9      | Found a deep blue altar of Sif Muna.
  7923 | D:9      | Found a blossoming altar of Fedhas.
  7924 | D:9      | Found a shadowy altar of Dithmenos.
  7926 | D:9      | Found a sparkling altar of Nemelex Xobeh.
  7927 | D:9      | Found a burning altar of Makhleb.
  7966 | D:9      | Reached * piety under the Shining One
  7977 | D:9      | Gained mutation: You are partially covered in yellow scales (AC +2). [mutagenic meat]
  7978 | D:9      | Gained mutation: You have a somewhat thin skeletal structure (Dex +2, Stealth). [mutagenic meat]
  7980 | D:9      | Gained mutation: You are resistant to electric shocks. [mutagenic meat]
  7981 | D:9      | Gained mutation: You are resistant to hostile enchantments. [potion of beneficial mutation]
  8163 | D:10     | Entered Level 10 of the Dungeon
  8185 | D:10     | Reached skill level 12 in Axes
  8253 | D:10     | Noticed a hill giant
  8266 | D:10     | Killed a hill giant
  8319 | D:10     | Found a staircase to the Orcish Mines.
  8384 | D:10     | Reached skill level 10 in Evocations
  8388 | D:10     | Reached ** piety under the Shining One
  8390 | D:10     | Noticed an unseen horror
  8402 | D:10     | Killed an unseen horror
  8493 | D:10     | Reached XP level 11. HP: 50/90 MP: 16/16
  8557 | D:10     | Reached skill level 13 in Axes
  8579 | D:10     | Found a flagged portal.
  8584 | Bailey   | Entered a bailey
  8599 | Bailey   | Noticed AAAAA's ghost (journeyman DrWz)
  8640 | Bailey   | Killed AAAAA's ghost
  8640 | Bailey   | Reached skill level 10 in Armour
  8710 | Bailey   | Noticed a shock serpent
  8710 | Bailey   | an orc knight changed into a shock serpent
  8722 | Bailey   | Killed a shock serpent
  9004 | D:10     | Noticed a cyan ugly thing
  9018 | D:10     | Killed a cyan ugly thing
  9310 | D:11     | Noticed a hill giant
  9320 | D:11     | Killed a hill giant
  9320 | D:11     | Reached skill level 1 in Invocations
  9392 | D:11     | Noticed a hill giant
  9399 | D:11     | Killed a hill giant
  9399 | D:11     | Reached skill level 14 in Axes
  9526 | D:11     | Reached *** piety under the Shining One
  9706 | D:11     | Found Oryboocy's Book Shoppe.
  9821 | D:11     | Got a bound lead amulet
  9830 | D:11     | Noticed a hill giant
  9839 | D:11     | Killed a hill giant
 10229 | D:6      | Bought a potion of might for 52 gold pieces
 10229 | D:6      | Bought a phial of floods for 520 gold pieces
 10294 | D:6      | Bought a +0 pair of boots for 54 gold pieces
 10294 | D:6      | Bought the +2 pair of gloves of Ampaack {rN+ Dex-4 Slay+2} for 308 gold pieces
 10294 | D:6      | Identified the amulet "Lasuifrack" {Ward rN+ Int+5 Stlth+} (You found it on level 11 of the Dungeon)
 10457 | D:5      | Bought a potion of might for 60 gold pieces
 10457 | D:5      | Bought a potion of curing for 45 gold pieces
 10457 | D:5      | Bought a potion of curing for 45 gold pieces
 10457 | D:5      | Bought 2 potions of curing for 90 gold pieces
 10649 | D:12     | Noticed a hill giant
 10657 | D:12     | Killed a hill giant
 10673 | D:12     | Found a stormy altar of Qazlal.
 10743 | D:12     | Got a pair of faintly humming gloves
 10761 | D:12     | Noticed an unseen horror
 10769 | D:12     | Killed an unseen horror
 10769 | D:12     | Reached XP level 12. HP: 51/97 MP: 15/15
 10809 | D:12     | Noticed a centaur warrior
 10821 | D:12     | Killed a centaur warrior
 10998 | D:12     | Noticed Josephine
 11007 | D:12     | Killed Josephine
 11017 | D:12     | Reached skill level 5 in Invocations
 11321 | D:13     | Noticed a catoblepas
 11334 | D:13     | Killed a catoblepas
 11334 | D:13     | Reached skill level 15 in Axes
 11349 | D:13     | Reached **** piety under the Shining One
 11464 | D:13     | Noticed Maud
 11489 | D:13     | Killed Maud
 11600 | D:13     | Noticed a centaur warrior
 11613 | D:13     | Killed a centaur warrior
 11666 | D:13     | Noticed 4thArraOfDagon's ghost (novice MiBe)
 11686 | D:13     | Killed 4thArraOfDagon's ghost
 11686 | D:13     | Reached XP level 13. HP: 58/103 MP: 16/16
 12018 | D:14     | Reached ***** piety under the Shining One
 12082 | D:14     | Reached skill level 16 in Axes
 12530 | D:14     | Found a gate to the Vaults.
 12927 | D:15     | Entered Level 15 of the Dungeon
 13019 | D:15     | Reached skill level 17 in Axes
 13040 | D:15     | Found a staircase to the Depths.
 13072 | D:15     | Reached skill level 10 in Invocations
 13072 | D:15     | Gained mutation: You resist negative energy. [Deep Dwarf growth]
 13072 | D:15     | Reached XP level 14. HP: 34/111 MP: 15/15
 13704 | D:13     | Identified the +0 pair of gloves of the Bells {SInv} (You found it on level 12 of the Dungeon)
 13781 | Depths:1 | Entered Level 1 of the Depths
 13832 | Depths:1 | Noticed a lich
 13835 | Depths:1 | Noticed a balrug
 13841 | Depths:1 | Noticed a frost giant
 13841 | Depths:1 | Killed a balrug
 13841 | Depths:1 | Killed a lich
 13842 | Depths:1 | Noticed an eldritch tentacle
 13842 | Depths:1 | Found a gateway to Hell.
 13845 | Hell     | Entered the Vestibule of Hell
 13845 | Hell     | Noticed Geryon
 13845 | Hell     | Noticed a hellephant
 13857 | Hell     | Killed from afar by a hellephant

Action                   |  1- 3 |  4- 6 |  7- 9 | 10-12 | 13-15 || total
-------------------------+-------+-------+-------+-------+-------++-------
Melee: War axe           |   133 |   249 |   592 |       |       ||   974
       Unarmed           |       |     2 |       |       |       ||     2
       Broad axe         |       |       |    97 |   681 |   376 ||  1154
Throw: Tomahawk          |       |       |       |    20 |       ||    20
Invok: Divine Shield     |       |       |       |       |     1 ||     1
       Summon Divine War |       |       |       |       |     1 ||     1
       Cleansing Flame   |       |       |       |       |     4 ||     4
 Abil: Device Recharging |       |       |     1 |     5 |     6 ||    12
Evoke: Wand              |     1 |     5 |    11 |    32 |    26 ||    75
       Phial of floods   |       |       |       |     1 |     2 ||     3
  Use: Scroll            |     2 |     9 |    11 |    13 |     4 ||    39
       Potion            |     1 |     2 |     2 |     5 |    16 ||    26
  Eat: Chunk             |     1 |     7 |    13 |    15 |       ||    36
       Pizza             |       |       |     1 |       |       ||     1
       Meat ration       |       |       |       |     3 |       ||     3
       Royal jelly       |       |       |       |       |     4 ||     4
